[ AOE2 MATCH · #505232032 ]
UnrankedBulgarians vs Poles
Player's team · WIN
Rival team · LOSS
[ REPLAY ANALYSIS · EXTRACTED FROM THE RECORDED GAME ]
Feudal
8:54
Castle
26:43
Imperial
—
| APM avg | 48.4 |
| APM peak | 87 |
| eAPM avg | 24.8 |
| Villagers / military | 201 / 91 |
Focus
⚔️ 29.2% · 🌾 70.8%
Konnik ×43 · Knight ×35 · Militia ×8 · Battering Ram ×5
Feudal
8:26
Castle
26:37
Imperial
—
| APM avg | 61.3 |
| APM peak | 110 |
| eAPM avg | 30.5 |
| Villagers / military | 184 / 58 |
Focus
⚔️ 36.0% · 🌾 64.0%
Archer ×19 · Knight ×19 · Monk ×12 · Mangonel ×6 · Spearman ×2
Match map
Initial resources + every placement click. Lines = walls · curves = elevation contours. ◆ gold · ⬟ stone · ● berries · ✦ relic · ◌ wall gap
Your base· Open — unwalled flank
Pirate's base· Open — 3t gap
Smoothed initial terrain · ◌ = detected wall gap · hover for details
Inputs per minute
— 新竹 - - Pirate
Build order — 新竹
First 150 of 403 actions detected
| 0:02 | Create | Villager (Male) |
| 0:03 | Create | Villager (Male) |
| 0:03 | Create | Villager (Male) |
| 0:04 | Build | House |
| 0:05 | Build | House |
| 0:09 | Create | Villager (Male) |
| 0:10 | Create | Villager (Male) |
| 0:10 | Create | Villager (Male) |
| 1:33 | Create | Villager (Male) |
| 1:33 | Create | Villager (Male) |
| 1:33 | Create | Villager (Male) |
| 1:53 | Create | Villager (Male) |
| 1:53 | Create | Villager (Male) |
| 1:54 | Create | Villager (Male) |
| 2:20 | Create | Villager (Male) |
| 2:20 | Create | Villager (Male) |
| 2:21 | Create | Villager (Male) |
| 2:22 | Build | Lumber Camp |
| 2:50 | Create | Villager (Male) |
| 2:51 | Create | Villager (Male) |
| 2:51 | Create | Villager (Male) |
| 2:51 | Create | Villager (Male) |
| 2:58 | Build | House |
| 3:01 | Build | House |
| 3:16 | Create | Villager (Male) |
| 3:16 | Create | Villager (Male) |
| 3:16 | Create | Villager (Male) |
| 3:16 | Create | Villager (Male) |
| 3:38 | Create | Villager (Male) |
| 3:38 | Create | Villager (Male) |
| 3:38 | Create | Villager (Male) |
| 3:39 | Create | Villager (Male) |
| 3:39 | Create | Villager (Male) |
| 3:39 | Create | Villager (Male) |
| 4:26 | Create | Villager (Male) |
| 4:26 | Create | Villager (Male) |
| 4:47 | Create | Villager (Male) |
| 4:47 | Create | Villager (Male) |
| 4:47 | Create | Villager (Male) |
| 5:11 | Build | Mining Camp |
| 5:45 | Create | Villager (Male) |
| 5:54 | Build | Palisade Wall |
| 5:56 | Build | Palisade Wall |
| 6:01 | Research | Loom |
| 6:02 | Research | Loom |
| 6:44 | Research | Feudal Age |
| 6:44 | Research | Feudal Age |
| 6:45 | Research | Feudal Age |
| 7:52 | Build | Barracks |
| 8:23 | Create | Militia ×5 |
| 8:54 | Age | Feudal Age |
| 9:04 | Create | Villager (Male) |
| 9:04 | Create | Villager (Male) |
| 9:04 | Create | Villager (Male) |
| 9:08 | Build | Mill |
| 9:16 | Build | Watch Tower |
| 9:25 | Create | Villager (Male) |
| 9:25 | Create | Villager (Male) |
| 9:25 | Create | Villager (Male) |
| 10:04 | Build | Palisade Wall |
| 10:11 | Build | Mining Camp |
| 10:14 | Create | Villager (Male) |
| 10:41 | Build | House |
| 11:07 | Create | Militia |
| 11:07 | Create | Militia |
| 11:30 | Create | Villager (Male) |
| 11:30 | Create | Villager (Male) |
| 11:30 | Create | Villager (Male) |
| 11:31 | Create | Villager (Male) |
| 11:31 | Create | Villager (Male) |
| 11:31 | Create | Villager (Male) |
| 11:31 | Create | Villager (Male) |
| 11:31 | Create | Villager (Male) |
| 11:33 | Build | Farm |
| 11:34 | Build | Farm |
| 11:37 | Build | House |
| 11:51 | Build | Watch Tower |
| 12:04 | Create | Militia |
| 12:20 | Build | Farm |
| 12:29 | Build | Palisade Wall |
| 12:30 | Build | Palisade Wall |
| 12:42 | Create | Villager (Male) |
| 12:43 | Create | Villager (Male) |
| 12:43 | Create | Villager (Male) |
| 12:43 | Create | Villager (Male) |
| 12:44 | Build | Farm |
| 13:18 | Build | Palisade Wall |
| 13:22 | Build | Watch Tower |
| 13:26 | Create | Villager (Male) |
| 13:26 | Create | Villager (Male) |
| 13:26 | Create | Villager (Male) |
| 13:26 | Create | Villager (Male) |
| 13:52 | Create | Villager (Male) |
| 13:52 | Create | Villager (Male) |
| 13:52 | Create | Villager (Male) |
| 13:53 | Create | Villager (Male) |
| 13:53 | Create | Villager (Male) |
| 13:53 | Create | Villager (Male) |
| 13:53 | Create | Villager (Male) |
| 14:05 | Build | Watch Tower |
| 14:16 | Build | Watch Tower |
| 14:19 | Create | Villager (Male) |
| 14:19 | Create | Villager (Male) |
| 14:19 | Create | Villager (Male) |
| 14:19 | Create | Villager (Male) |
| 14:27 | Build | House |
| 14:29 | Build | House |
| 14:36 | Research | Double-Bit Axe |
| 14:36 | Research | Double-Bit Axe |
| 14:36 | Research | Double-Bit Axe |
| 14:37 | Create | Villager (Male) |
| 14:37 | Create | Villager (Male) |
| 14:37 | Create | Villager (Male) |
| 14:38 | Create | Villager (Male) |
| 14:42 | Build | Watch Tower |
| 15:03 | Build | Mining Camp |
| 15:06 | Create | Villager (Male) |
| 15:06 | Create | Villager (Male) |
| 15:48 | Create | Villager (Male) |
| 15:48 | Create | Villager (Male) |
| 15:49 | Create | Villager (Male) |
| 16:02 | Build | Watch Tower |
| 16:11 | Build | Blacksmith |
| 16:28 | Create | Villager (Male) |
| 16:37 | Build | Farm |
| 16:43 | Create | Villager (Male) |
| 16:44 | Create | Villager (Male) |
| 16:52 | Research | Fletching |
| 16:52 | Research | Fletching |
| 16:53 | Research | Fletching |
| 16:54 | Create | Villager (Male) |
| 16:54 | Create | Villager (Male) |
| 16:54 | Create | Villager (Male) |
| 16:55 | Build | Farm |
| 17:10 | Build | Watch Tower |
| 17:17 | Create | Villager (Male) |
| 17:17 | Create | Villager (Male) |
| 17:25 | Build | House |
| 17:48 | Build | Watch Tower |
| 17:55 | Create | Villager (Male) |
| 17:55 | Create | Villager (Male) |
| 17:56 | Create | Villager (Male) |
| 17:56 | Create | Villager (Male) |
| 17:56 | Create | Villager (Male) |
| 17:56 | Create | Villager (Male) |
| 17:58 | Build | House |
| 18:12 | Create | Villager (Male) |
| 18:13 | Create | Villager (Male) |
| 18:13 | Create | Villager (Male) |
| 18:13 | Create | Villager (Male) |
Build order — Pirate
First 150 of 448 actions detected
| 0:00 | Create | Villager (Male) |
| 0:00 | Create | Villager (Male) |
| 0:02 | Build | House |
| 0:03 | Build | House |
| 0:09 | Create | Villager (Male) |
| 0:09 | Create | Villager (Male) |
| 1:25 | Create | Villager (Male) |
| 1:25 | Create | Villager (Male) |
| 1:26 | Create | Villager (Male) |
| 1:45 | Build | Lumber Camp |
| 1:55 | Create | Villager (Male) |
| 1:55 | Create | Villager (Male) |
| 2:27 | Create | Villager (Male) |
| 2:28 | Create | Villager (Male) |
| 2:54 | Create | Villager (Male) |
| 2:55 | Create | Villager (Male) |
| 2:55 | Create | Villager (Male) |
| 3:40 | Build | Mill |
| 3:46 | Create | Villager (Male) |
| 3:46 | Create | Villager (Male) |
| 4:06 | Create | Villager (Male) |
| 4:06 | Create | Villager (Male) |
| 4:06 | Create | Villager (Male) |
| 4:54 | Create | Villager (Male) |
| 4:54 | Create | Villager (Male) |
| 5:23 | Create | Villager (Male) |
| 5:23 | Create | Villager (Male) |
| 5:33 | Create | Villager (Male) |
| 5:47 | Research | Loom |
| 6:14 | Research | Feudal Age |
| 6:14 | Research | Feudal Age |
| 7:09 | Build | Barracks |
| 7:40 | Create | Villager (Male) |
| 8:03 | Build | Mining Camp |
| 8:23 | Create | Villager (Male) |
| 8:26 | Age | Feudal Age |
| 8:27 | Build | Palisade Gate |
| 8:36 | Build | Archery Range |
| 8:40 | Build | Gate |
| 9:03 | Build | Palisade Wall |
| 9:16 | Create | Villager (Male) |
| 9:19 | Build | House |
| 9:20 | Create | Archer |
| 9:24 | Research | Wheelbarrow |
| 9:58 | Build | Lumber Camp |
| 10:11 | Create | Villager (Male) |
| 10:31 | Build | Palisade Wall |
| 10:32 | Build | Palisade Wall |
| 10:33 | Build | Palisade Wall |
| 10:39 | Build | Palisade Wall |
| 10:40 | Build | Palisade Wall |
| 10:43 | Build | Palisade Wall |
| 10:50 | Build | Palisade Wall |
| 10:56 | Build | Palisade Wall |
| 11:05 | Create | Archer |
| 11:08 | Create | Villager (Male) |
| 11:14 | Build | House |
| 11:15 | Build | Palisade Wall |
| 11:21 | Build | Palisade Wall |
| 11:22 | Build | Palisade Wall |
| 11:27 | Create | Archer |
| 11:35 | Create | Archer |
| 11:36 | Create | Villager (Male) |
| 11:36 | Create | Villager (Male) |
| 11:38 | Build | House |
| 12:00 | Build | Palisade Wall |
| 12:21 | Build | Palisade Wall |
| 12:56 | Build | Watch Tower |
| 13:00 | Create | Villager (Male) |
| 13:01 | Create | Villager (Male) |
| 13:05 | Create | Archer |
| 13:18 | Create | Villager (Male) |
| 13:45 | Create | Villager (Male) |
| 13:51 | Build | Farm |
| 13:53 | Build | Mill |
| 13:54 | Build | Farm |
| 13:57 | Build | Farm |
| 13:58 | Create | Villager (Male) |
| 14:25 | Create | Villager (Male) |
| 14:27 | Create | Archer |
| 14:33 | Build | House |
| 14:48 | Build | Farm |
| 14:49 | Create | Archer |
| 14:50 | Build | House |
| 14:52 | Build | House |
| 14:53 | Build | House |
| 14:59 | Build | Palisade Wall |
| 15:27 | Create | Villager (Male) |
| 15:50 | Build | House |
| 15:52 | Create | Villager (Male) |
| 15:57 | Build | Palisade Wall |
| 16:16 | Create | Villager (Male) |
| 16:16 | Create | Villager (Male) |
| 16:32 | Create | Archer |
| 16:32 | Create | Archer |
| 16:53 | Create | Villager (Male) |
| 17:05 | Build | Lumber Camp |
| 17:06 | Create | Villager (Male) |
| 17:09 | Build | Mining Camp |
| 17:11 | Create | Archer |
| 17:25 | Create | Archer |
| 17:37 | Build | Mill |
| 17:43 | Build | Farm |
| 17:45 | Build | Farm |
| 17:49 | Build | Farm |
| 18:12 | Build | Blacksmith |
| 18:18 | Create | Villager (Male) |
| 18:18 | Create | Villager (Male) |
| 18:41 | Build | Farm |
| 18:43 | Create | Villager (Male) |
| 18:47 | Build | Farm |
| 19:13 | Build | Palisade Wall |
| 19:24 | Create | Villager (Male) |
| 19:38 | Build | Farm |
| 19:38 | Build | Farm |
| 19:40 | Build | Farm |
| 19:41 | Build | Farm |
| 19:43 | Build | Farm |
| 19:43 | Build | Farm |
| 19:46 | Create | Archer |
| 19:56 | Research | Fletching |
| 19:57 | Research | Fletching |
| 20:18 | Create | Archer |
| 20:18 | Create | Archer |
| 20:19 | Create | Villager (Male) |
| 20:19 | Create | Villager (Male) |
| 20:21 | Build | Mill |
| 20:22 | Build | Farm |
| 20:22 | Build | Farm |
| 20:22 | Build | Farm |
| 20:58 | Build | Watch Tower |
| 21:10 | Build | Market |
| 21:12 | Create | Villager (Male) |
| 21:20 | Create | Archer |
| 21:23 | Build | Farm |
| 21:35 | Create | Archer |
| 21:41 | Create | Villager (Male) |
| 21:41 | Create | Villager (Male) |
| 21:43 | Build | Farm |
| 21:50 | Build | Farm |
| 21:59 | Create | Archer |
| 22:37 | Create | Villager (Male) |
| 22:37 | Create | Villager (Male) |
| 23:01 | Build | Lumber Camp |
| 23:29 | Create | Villager (Male) |
| 23:29 | Create | Villager (Male) |
| 23:31 | Build | Farm |
| 23:32 | Build | Farm |
| 23:54 | Research | Castle Age |
| 23:54 | Research | Castle Age |
Match timeline
| 5:54 | 新竹 · wall_segment Palisade Wall x1 |
| 5:56 | 新竹 · wall_segment Palisade Wall x1 |
| 7:09 | Pirate · first_building Barracks |
| 7:52 | 新竹 · first_building Barracks |
| 8:26 | Pirate · age_up feudal |
| 8:36 | Pirate · first_building Archery Range |
| 8:54 | 新竹 · age_up feudal |
| 9:03 | Pirate · wall_segment Palisade Wall x1 |
| 10:04 | 新竹 · wall_segment Palisade Wall x2 |
| 10:31 | Pirate · wall_segment Palisade Wall x1 |
| 10:32 | Pirate · wall_segment Palisade Wall x1 |
| 10:33 | Pirate · wall_segment Palisade Wall x1 |
| 10:39 | Pirate · wall_segment Palisade Wall x1 |
| 10:40 | Pirate · wall_segment Palisade Wall x1 |
| 10:43 | Pirate · wall_segment Palisade Wall x1 |
| 10:50 | Pirate · wall_segment Palisade Wall x1 |
| 10:56 | Pirate · wall_segment Palisade Wall x1 |
| 11:15 | Pirate · wall_segment Palisade Wall x1 |
| 11:21 | Pirate · wall_segment Palisade Wall x1 |
| 11:22 | Pirate · wall_segment Palisade Wall x1 |
| 12:00 | Pirate · wall_segment Palisade Wall x1 |
| 12:21 | Pirate · wall_segment Palisade Wall x1 |
| 12:29 | 新竹 · wall_segment Palisade Wall x2 |
| 12:30 | 新竹 · wall_segment Palisade Wall x2 |
| 13:18 | 新竹 · wall_segment Palisade Wall x1 |
| 14:59 | Pirate · wall_segment Palisade Wall x1 |
| 15:57 | Pirate · wall_segment Palisade Wall x9 |
| 19:13 | Pirate · wall_segment Palisade Wall x1 |
| 23:53 | Pirate · first_market_buy 100 food |
| 23:59 | Pirate · first_building Stable |
| 24:01 | 新竹 · first_market_buy 100 food |
| 24:36 | 新竹 · first_building Stable |
| 26:37 | Pirate · age_up castle |
| 26:43 | 新竹 · age_up castle |
| 26:43 | Pirate · first_building Castle |
| 26:48 | Pirate · first_building Monastery |
| 26:53 | Pirate · first_market_sell 100 food |
| 27:24 | Pirate · wall_segment Palisade Wall x1 |
| 27:36 | Pirate · wall_segment Palisade Wall x1 |
| 27:38 | Pirate · wall_segment Palisade Wall x1 |
| 27:40 | Pirate · wall_segment Palisade Wall x1 |
| 29:12 | 新竹 · first_market_sell 100 stone |
| 29:36 | Pirate · first_building Siege Workshop |
| 35:41 | 新竹 · first_building Castle |
| 37:30 | 新竹 · first_building Siege Workshop |
| 41:55 | Pirate · wall_segment Stone Wall x1 |
| 44:18 | 新竹 · first_building Krepost |
| 47:08 | Pirate · resign |
[ AI ANALYSIS · 1 CREDIT ]
What really happened in this match?
Wolo.gg analyzes every decision: build order, eco, micro, common mistakes by bracket. Personalized analysis on WhatsApp or Discord in 30 seconds.
Civ guide
Bulgarians
Perfil
新竹